 Dungeon Crawl Stone Soup version 0.22-a0-389-g8519d86 (webtiles) character file.

134 Kairos the Shield-Bearer (level 5, 28/28 HPs)
             Began as a Vine Stalker Fighter on Apr 30, 2018.
             Quit the game on level 3 of the Dungeon.
             The game lasted 00:02:45 (1656 turns).

Kairos the Shield-Bearer (Vine Stalker Fighter)     Turns: 1656, Time: 00:02:45

Health: 28/28      AC:  5    Str: 16 (19) XL:     5   Next: 17%
Magic:  6/6        EV: 13    Int: 12 (13) God:
Gold:   146        SH: 10    Dex: 17 (19) Spells: 4/4 levels left

rFire    + + .     SeeInvis .   a - +1 war axe
rCold    . . .     Gourm    .   c - +1 shield
rNeg     + . .     Faith    .   h - +0 ring mail (curse)
rPois    +         Spirit   +   (no helmet)
rElec    +         Reflect  .   (no cloak)
rCorr    +         Harm     .   (no gloves)
MR       .....                  (no boots)
Stlth    ++........             (no amulet)
HPRegen  0.49/turn              g - ring of fire
MPRegen  0.10/turn              j - ring of positive energy

@: brilliant, agile, resistant
A: fangs 2, regeneration 1, magic shield, antimagic bite, no potion heal 3, rot
immunity
a: no special abilities


You were on level 3 of the Dungeon.
You were hungry.

You visited 1 branch of the dungeon, and saw 3 of its levels.

You collected 146 gold pieces.

Inventory:

Hand Weapons
 a - a +1 war axe (weapon)
Armour
 b - a +0 scale mail
 c - a +1 shield (worn)
 h - a cursed +0 ring mail (worn)
Jewellery
 g - a ring of fire (left hand)
 j - a ring of positive energy (right hand)
 n - an uncursed ring of positive energy
Scrolls
 e - 2 scrolls of remove curse
 i - a scroll of identify
Potions
 d - a potion of might
 k - a potion of curing
 o - a potion of heal wounds
 q - a potion of agility
 s - a potion of resistance
Comestibles
 f - 7 rations


   Skills:
 + Level 3.3 Fighting
 + Level 3.1 Axes
 + Level 2.6 Armour
 + Level 1.1 Dodging
 + Level 3.3 Shields


You had 4 spell levels left.
You didn't know any spells.

Dungeon Overview and Level Annotations

Branches:
Dungeon (3/15)

Altars:
Uskayaw


Innate Abilities, Weirdness & Mutations

You have extremely sharp teeth.
Your natural rate of healing is unusually fast.
When hurt, damage is shared between your health and your magic reserves.
Your bite disrupts and absorbs the magic of your enemies.
Potions cannot restore your health.
You are immune to rotting.


Message History

No target in view!
Done exploring.
No target in view!
Done exploring.
As you read the scroll labeled XEUXZEVI FAOT, it crumbles to dust.
It is a scroll of amnesia.
You feel forgetful for a moment.
It was a potion of agility.
You feel agile all of a sudden.
It was a potion of brilliance.
You feel clever all of a sudden.
It was a potion of degeneration.
There was something very wrong with that liquid.
You feel weakened.
You feel dopey.
You feel clumsy.
It was a potion of resistance.
You feel protected.
It was a potion of heal wounds.
That seemed strangely inert.
It was a potion of curing.
That felt strangely inert.
Okay, then.
Are you sure you want to abandon this character and quit the game? (Confirm with "yes".)

#####.####.#.##.#.# #.##
#..........#.##.#.# #.##
#.##########.##.#[# #.## #.#
#.##.#.# #.# #.# #.##.#.# #.#
#.# #.##.#.# ######.## #.#
####.##.#.###).......
#.#######.......#.......>..##
#.........##@########.######
############..........#
############


There were no monsters in sight!

Vanquished Creatures
  A scorpion (D:3)
  A gnoll (D:1)
  An adder (D:2)
  A worm (D:3)
  2 leopard geckos (D:1)
  4 orcs (D:3)
  3 bats
  3 giant cockroaches
  6 goblins
  6 hobgoblins
  6 jackals
  12 kobolds
  3 frilled lizards
  5 rats
54 creatures vanquished.

Notes
Turn   | Place    | Note
-------+----------+-------------------------------------------
     0 | D:1      | Kairos the Vine Stalker Fighter began the quest for the Orb.
     0 | D:1      | Reached XP level 1. HP: 11/11 MP: 2/2
   149 | D:1      | Reached XP level 2. HP: 15/16 MP: 3/3
   239 | D:1      | Reached XP level 3. HP: 16/20 MP: 2/4
   576 | D:2      | Reached skill level 1 in Dodging
   690 | D:2      | Gained mutation: Your natural rate of healing is unusually fast. [Vine Stalker growth]
   690 | D:2      | Reached XP level 4. HP: 17/24 MP: 5/5
  1134 | D:3      | Found a hide-covered altar of Uskayaw.
  1149 | D:3      | Reached XP level 5. HP: 15/28 MP: 3/6
  1656 | D:3      | Quit the game

Vault maps used:
D:1:      evilmike_arrival_crescent
D:2:      first_ration
D:3:      lemuel_round_altar

Skill      XL: |  1  2  3  4  5 |
---------------+----------------+-----
Axes           | 2 3 |  3.1
Shields        | 3 |  3.3
Fighting       | 3 |  3.3
Dodging        | 1 |  1.1
Armour         | |  2.6

Action                   |  1- 3 |  4- 6 || total
-------------------------+-------+-------++-------
Melee: War axe           |    88 |    47 ||   135
       Bite              |    22 |    10 ||    32
  Use: Scroll            |       |     6 ||     6
       Potion            |       |     7 ||     7
  Eat: Chunk             |       |     2 ||     2
Armor: Scale mail        |    37 |     7 ||    44
       Ring mail         |       |    11 ||    11
Dodge: Dodged            |    26 |     9 ||    35
Block: Shield            |    53 |    19 ||    72

Table legend:
 A = Spawn XP
 B = Non-spawn XP
 C = Spawn XP percentage of total XP
 D = Spawn monster count
 E = Non-spawn monster count
 F = Spawn count percentage of total count
 G = Total turns spent on level
                    A         B        C        D         E        F      G
               +---------+---------+-------+---------+---------+-------+---------
         Total |       0 |     192 |   0.0 |       0 |      54 |   0.0 |  1656
               +---------+---------+-------+---------+---------+-------+---------
           D:1 |       0 |      53 |   0.0 |       0 |      24 |   0.0 |   390
           D:2 |       0 |      31 |   0.0 |       0 |      11 |   0.0 |   524
           D:3 |       0 |     108 |   0.0 |       0 |      19 |   0.0 |   742
               +---------+---------+-------+---------+---------+-------+---------
